 Dungeon Crawl Stone Soup version 0.20.1-1-g8b1a95d66d (webtiles) character file.

561 Gargoyl the Chopper (level 7, -2/59 HPs)
             Began as a Centaur Abyssal Knight on Dec 5, 2017.
             Was a Priest of Lugonu.
             Slain by an ogre
             ... wielding a +0 giant club
              (16 damage)
             ... on level 4 of the Dungeon.
             The game lasted 00:12:17 (4295 turns).

Gargoyl the Chopper (Centaur Abyssal Knight)        Turns: 4295, Time: 00:12:17

Health: -2/59      AC: 15    Str: 15    XL:     7   Next: 9%
Magic:  9/9        EV:  4    Int: 11    God:    Lugonu [***...]
Gold:   103        SH:  7    Dex: 14    Spells: 6/6 levels left

rFire    + . .     SeeInvis .   a - +1 hand axe
rCold    . . .     Gourm    .   e - +0 shield
rNeg     + . .     Faith    .   s - +2 ring mail {rF+}
rPois    .         Spirit   .   g - +1 hat
rElec    .         Reflect  .   t - +1 cloak
rCorr    .         Harm     .   (no gloves)
MR       +....     Rnd*Rage +   o - +0 centaur barding
Stlth    +.........             (no amulet)
Regen    0.2/turn               d - ring of positive energy
MPRegen  0.2/turn               l - ring of protection from magic

@: berserk cooldown, slowed
A: hooves 3, thin skeletal structure 1, agile 1, berserk 1, deformed body, speed
2, tough skin 3
a: Depart the Abyss, Bend Space, Banish, Renounce Religion


You were on level 4 of the Dungeon.
You worshipped Lugonu.
Lugonu was most pleased with you.
You were not hungry.

You visited 1 branch of the dungeon, and saw 4 of its levels.
You visited the Abyss 1 time.

You collected 103 gold pieces.

Inventory:

Hand Weapons
 a - a +1 hand axe (weapon)
Armour
 e - a +0 shield (worn)
 g - a +1 hat (worn)
 o - a +0 centaur barding (worn)
 s - a +2 ring mail of fire resistance (worn)
 t - a +1 cloak (worn)
Jewellery
 d - a ring of positive energy (left hand)
 l - a ring of protection from magic (right hand)
Wands
 p - a wand of enslavement (9/24)
Scrolls
 j - 4 scrolls of remove curse
 k - 2 scrolls of teleportation
 u - a scroll of identify
Potions
 h - a potion of berserk rage
 i - a potion of might {unknown}
 m - a potion of haste {unknown}
 n - a potion of degeneration {unknown}
 r - 7 potions of curing {unknown}
Comestibles
 b - a fruit
 c - 6 bread rations
 f - a royal jelly
 q - a meat ration
 v - 3 chunks of flesh


   Skills:
 + Level 4.0 Fighting
 + Level 4.1 Axes
 * Level 3.0 Armour
 + Level 1.6 Dodging
 + Level 1.0 Shields
 * Level 3.9 Invocations


You had 6 spell levels left.
You didn't know any spells.

Dungeon Overview and Level Annotations

Branches:
Dungeon (4/15)
 Temple: D:4-7

Altars:
Makhleb
The Shining One

Annotations:
D:4 Natasha


Innate Abilities, Weirdness & Mutations

You have hooves in place of feet.
Armour fits poorly on your strangely shaped body.
You cover ground very quickly.
You have extremely tough skin. (AC +3)
You have a somewhat thin skeletal structure. (Dex +2, Stealth)
You are agile. (Dex +2)
You tend to lose your temper in combat.


Message History

There isn't anything to butcher here.
You start resting.
You feel sick.
An ogre comes into view. It is wielding a giant club.
An ogre is nearby!
The ogre shouts!
You see here a whip of venom.
You feel sick.
You are no longer poisoned.
Natasha, Servant of Life and Death comes into view.
Level annotation: Natasha Welcome back, Gargoyl the Centaur Abyssal Knight.
Lugonu says: Spread carnage and corruption!
Press ? for a list of commands and other information.
Natasha mumbles some strange words.
Natasha's front paws start to glow.
There is a stone staircase leading down here.
Natasha growls.
The ogre hits you with a giant club!
You die...

###.#####.......#
#..........
#............####
#####...#..
#.#.##..#.####
#...#..
#.#.##..#.# ###
#รท.....
......<...#
##.####### ##.....
#.##....###
#....h...# #.....
#.#####.#
##h#####.#####...#
#.......# ###O#
#.>........
######### #.@.#
###h####### #.###
#.#...... #.#
####.#.###.. #.#
#.......##.. #.#
#.......#... ##.##
#.....[.#...
##.#.##
#.......#...
##.###.##
#........... ##.##
##.###.......#.##


You could see an ogre and Natasha.

Vanquished Creatures
  Menkaure (D:4)
  Blork the orc (D:4)
  A hound (D:4)
  Crazy Yiuf (D:3)
  An iguana (D:4)
  Natasha (twice) (D:4)
  An orc wizard (D:4)
  Robin (D:3)
  6 gnolls
  A howler monkey skeleton (D:4)
  5 adders
  2 oozes (D:2)
  A leopard gecko (D:2)
  5 orcs (D:4)
  4 ball pythons
  6 giant cockroaches
  15 goblins
  9 hobgoblins
  4 jackals (D:3)
  A quokka (D:4)
  7 bats
  8 frilled lizards
  4 kobolds
  4 rats
91 creatures vanquished.

Notes
Turn   | Place    | Note
-------+----------+-------------------------------------------
     0 | Abyss:1  | Gargoyl the Centaur Abyssal Knight began the quest for the Orb.
     0 | Abyss:1  | Reached XP level 1. HP: 19/19 MP: 2/2
    41 | Abyss:1  | Noticed a quasit
    58 | Abyss:2  | Gained mutation: Your flesh is heat resistant. (rF+) [potion of mutation]
    58 | Abyss:2  | Gained mutation: You are agile. (Dex +2) [potion of mutation]
    58 | Abyss:2  | Gained mutation: Scrolls take you a little longer to read. [potion of mutation]
    58 | Abyss:2  | Gained mutation: You are resistant to hostile enchantments. (MR+) [potion of mutation]
    87 | Abyss:2  | Noticed a starcursed mass
    88 | D:1      | Escaped the Abyss
   306 | D:1      | Reached * piety under Lugonu
   306 | D:1      | Reached XP level 2. HP: 26/26 MP: 3/3
  1023 | D:1      | Reached XP level 3. HP: 15/31 MP: 4/4
  1544 | D:2      | Found a faded altar of an unknown god.
  1554 | D:2      | Reached XP level 4. HP: 35/38 MP: 5/5
  2139 | D:3      | Reached ** piety under Lugonu
  2149 | D:3      | Noticed Robin
  2162 | D:3      | Killed Robin
  2393 | D:3      | Found a runed door.
  2589 | D:3      | Found a glowing golden altar of the Shining One.
  2709 | D:3      | Reached skill level 1 in Dodging
  2746 | D:3      | Lost mutation: You are resistant to hostile enchantments. (MR+) [potion of mutation]
  2746 | D:3      | Lost mutation: Scrolls take you a little longer to read. [potion of mutation]
  2746 | D:3      | Lost mutation: You are agile. (Dex +2) [potion of mutation]
  2746 | D:3      | Lost mutation: Your flesh is heat resistant. (rF+) [potion of mutation]
  2746 | D:3      | Gained mutation: You tend to lose your temper in combat. [potion of mutation]
  2746 | D:3      | Gained mutation: You have a somewhat thin skeletal structure. (Dex +2, Stealth) [potion of mutation]
  2746 | D:3      | Gained mutation: You are agile. (Dex +2) [potion of mutation]
  2869 | D:3      | Reached XP level 5. HP: 40/45 MP: 7/7
  3206 | D:3      | Noticed Crazy Yiuf
  3215 | D:3      | Killed Crazy Yiuf
  3562 | D:4      | Noticed Blork the orc
  3574 | D:4      | Killed Blork the orc
  3672 | D:4      | Found a burning altar of Makhleb.
  3706 | D:4      | Reached XP level 6. HP: 36/52 MP: 8/8
  3717 | D:4      | Reached *** piety under Lugonu
  4067 | D:4      | Noticed Natasha
  4073 | D:4      | Killed Natasha
  4119 | D:4      | Noticed Natasha
  4127 | D:4      | Killed Natasha
  4244 | D:4      | Noticed Menkaure
  4261 | D:4      | Killed Menkaure
  4261 | D:4      | Reached skill level 1 in Shields
  4261 | D:4      | Reached XP level 7. HP: 14/59 MP: 9/9
  4284 | D:4      | Noticed Natasha
  4295 | D:4      | Slain by an ogre

Skill      XL: |  1  2  3  4  5  6 |
---------------+-------------------+-----
Axes           | 2 3 4 |  4.1
Armour         | 2 3 |  3.0
Dodging        | 1 |  1.6
Invocations    | 3 |  3.9
Fighting       | 4 |  4.0
Shields        | 1 |  1.0

Action                   |  1- 3 |  4- 6 |  7- 9 || total
-------------------------+-------+-------+-------++-------
Melee: Hand axe          |    76 |   196 |       ||   272
       Kick              |    13 |    49 |       ||    62
Invok: Depart the Abyss  |     1 |       |       ||     1
  Use: Potion            |     1 |     2 |       ||     3
       Scroll            |       |     6 |       ||     6
  Eat: Chunk             |     1 |     8 |       ||     9
Armor: Ring mail         |    32 |   172 |       ||   204
       Leather armour    |     1 |       |       ||     1
Dodge: Dodged            |    25 |    55 |       ||    80
Block: Shield            |    22 |    92 |       ||   114
